Map: Submarine LE

Players

SwarmSLG - Winner!

  • Race: Zerg Zerg
  • Spawn Location: 11:00

FRFLPPSmurf

  • Race: Terran Terran
  • League: Silver
  • Spawn Location: 5:00

VOD

Have the link to the VOD?

Description

Time

  • Played on: Feb. 27, 2021, 11:29 a.m.
  • Length: 28:53
Show
View Real Time Build Order
Export as new Build Order

SwarmSLG Zerg - Winner!

Build Orders: Hatch First 

Get SALT Encoding   

  12  0:01  Drone  
  13  0:13  Overlord  
  13  0:20  Drone  
  14  0:33  Drone x2  
  16  0:36  Drone  
  17  0:47  Drone  
  18  0:58  Hatchery  
  18  1:01  Extractor  
  18  1:02  Drone  
  17  1:08  Drone  
  18  1:18  Drone  
  19  1:31  Drone  
  20  1:42  Spawning Pool  
  19  2:11  Drone x2  
  19  2:12  Drone x2  
  23  2:22  Overlord  
  24  2:30  Queen x2, Zergling x2  
  28  2:37  Overlord  
  28  2:45  Metabolic Boost  
  28  2:48  Zergling x6  
  31  2:54  Zergling x2  
  31  2:55  Drone  
  33  3:06  Pneumatized Carapace, Queen  
  33  3:11  Spore Crawler  
  34  3:17  Zergling x6  
  34  3:18  Zergling x2  
  38  3:26  Drone  
  39  3:27  Drone  
  40  3:39  Drone x2  
  42  3:43  Overlord  
  42  3:54  Queen, Lair  
  44  4:00  Evolution Chamber  
  43  4:04  Evolution Chamber  
  43  4:07  Baneling Nest  
  41  4:15  Drone x3  
  44  4:17  Drone  
  44  4:20  Zergling x2  
  44  4:22  Hatchery  
  45  4:24  Extractor  
  45  4:26  Zergling x4  
  46  4:32  Zerg Melee Weapons Level 1  
  46  4:54  Drone  
  46  4:55  Drone x5  
  46  4:58  Zerg Ground Armor Level 1  
  52  5:00  Overlord  
  52  5:18  Queen x2  
  56  5:22  Drone  
  56  5:24  Drone x3  
  56  5:26  Overlord  
  60  5:33  Extractor  
  60  5:34  Drone  
  60  5:37  Drone  
  60  5:40  Queen  
  63  6:12  Zergling x22  
  63  6:14  Overlord  
  74  6:22  Extractor  
  73  6:45  Baneling  
  73  6:46  Baneling x16  
  73  6:48  Zerg Melee Weapons Level 2  
  73  7:00  Drone x3  
  76  7:02  Zerg Ground Armor Level 2  
  76  7:08  Zergling x10  
  77  7:09  Zergling x2  
  77  7:10  Overlord x3  
  82  7:24  Centrifical Hooks  
  63  8:09  Infestation Pit  
  62  8:18  Overseer  
  62  8:40  Hatchery  
  61  8:48  Hive  
  61  8:50  Drone  
  61  8:51  Drone x8  
  70  9:18  Queen x2  
  74  9:32  Zergling x12  
  74  9:33  Zergling x24  
  92  9:40  Hydralisk Den  
  92  9:41  Zerg Missile Weapons Level 1  
  92  9:43  Drone x2  
  92  9:44  Drone  
  94  9:47  Extractor  
  94  9:48  Extractor  
  93  9:52  Drone  
  93  9:53  Drone x2  
  93  9:54  Drone  
  96  10:04  Drone  
  97  10:07  Viper x2  
  97  10:09  Viper  
  100  10:27  Overseer  
  98  11:11  Zergling x24  
  91  11:32  Hydralisk x7  
  88  12:21  Hydralisk x7  
  100  12:49  Drone x2  
  100  12:50  Drone x4  
  106  12:51  Drone x2  
  106  12:54  Queen  
  110  13:03  Overlord  
  110  13:05  Overlord  
  110  13:33  Muscular Augments  
  98  14:06  Hydralisk  
  98  14:07  Hydralisk x7  
  113  14:10  Drone  
  113  14:11  Drone x7  
  121  14:17  Queen  
  121  14:19  Drone x2  
  121  14:20  Drone x2  
  127  14:29  Zerg Ground Armor Level 3  
  127  14:33  Zerg Missile Weapons Level 2  
  127  14:44  Grooved Spines  
  127  14:53  Roach Warren  
  126  15:01  Drone  
  126  15:03  Overlord x5  
  127  15:25  Queen  
  127  15:27  Drone x3  
  127  15:28  Drone x3  
  134  15:29  Drone x3  
  134  15:30  Drone x2  
  140  15:51  Extractor  
  140  15:52  Extractor  
  138  16:01  Hatchery  
  134  16:15  Hydralisk  
  134  16:17  Hydralisk  
  134  16:18  Hydralisk x15  
  161  16:40  Viper x2  
  161  16:43  Overlord x3  
  161  16:44  Overlord x2  
  165  16:57  Zerg Missile Weapons Level 3  
  165  17:36  Viper x5  
  157  18:36  Hydralisk x11  
  157  18:37  Hydralisk x4  
  187  19:06  Queen x4  
  187  19:07  Queen  
  197  19:14  Overseer x5  
  167  20:48  Viper  
  157  20:50  Overlord x3  
  157  20:51  Overlord x4  
  157  20:52  Overlord  
  157  20:57  Zerg Melee Weapons Level 3  
  157  21:01  Ultralisk Cavern  
  156  21:16  Drone x2  
  156  21:17  Drone x3  
  156  21:18  Drone x2  
  163  21:23  Extractor  
  163  21:24  Extractor  
  161  21:35  Viper x3  
  161  21:36  Viper x4  
  161  21:37  Hydralisk x5  
  161  21:38  Hydralisk  
  194  22:25  Hatchery  
  194  22:26  Hatchery  
  110  23:35  Ultralisk x8  
  110  23:36  Ultralisk x9  
  176  24:41  Anabolic Synthesis  
  158  24:48  Ultralisk  
  158  24:49  Ultralisk x6  
  188  25:24  Chitinous Plating  
  176  27:06  Hydralisk x11  
Show
View Real Time Build Order
Export as new Build Order

FRFLPPSmurf Terran 

Build Orders:  

Get SALT Encoding   

  12  0:02  SCV  
  13  0:22  Supply Depot, SCV  
  13  0:26  Refinery  
  14  0:43  SCV  
  14  0:46  Barracks  
  15  0:55  SCV  
  16  1:07  SCV  
  17  1:19  SCV  
  17  1:22  Barracks  
  18  1:32  Refinery  
  18  1:34  Supply Depot  
  18  1:35  Marine  
  19  1:52  Factory  
  19  1:53  Marine  
  20  2:07  Bunker  
  20  2:09  SCV  
  21  2:20  Barracks Reactor  
  21  2:33  Barracks Tech Lab  
  21  2:41  Supply Depot  
  21  2:45  Factory Reactor  
  21  2:50  Starport  
  21  2:55  Orbital Command  
  21  3:02  Marine  
  21  3:05  Supply Depot  
  22  3:19  Marine x2  
  24  3:24  Marine  
  25  3:27  SCV  
  25  3:31  Starport Reactor  
  26  3:39  SCV  
  26  3:40  Factory  
  27  3:51  SCV  
  27  3:54  Supply Depot  
  28  3:58  Combat Shield  
  32  4:02  Widow Mine  
  32  4:03  Widow Mine, SCV  
  33  4:15  SCV  
  34  4:19  Marine x2  
  36  4:24  Medivac  
  38  4:38  Medivac  
  40  4:48  Factory Tech Lab  
  40  4:51  Widow Mine  
  44  4:53  Widow Mine  
  44  5:00  SCV  
  44  5:05  Engineering Bay  
  45  5:16  Siege Tank  
  48  5:29  Command Center  
  48  5:33  Refinery  
  48  5:50  Armory  
  48  5:56  Marine x3  
  51  6:14  Marine  
  51  6:17  Marine x2  
  54  6:29  Supply Depot  
  54  6:31  Marine  
  55  6:41  Marine, Widow Mine x2  
  55  6:45  SCV  
  61  6:50  SCV  
  62  6:58  SCV  
  63  7:02  SCV  
  63  7:06  Refinery  
  64  7:10  SCV  
  64  7:14  SCV  
  66  7:22  SCV  
  67  7:26  SCV  
  68  7:34  SCV  
  67  7:38  SCV  
  65  7:46  SCV  
  65  7:50  SCV  
  55  8:01  Terran Vehicle And Ship Armor Level 1  
  55  8:10  Siege Tank  
  58  8:14  Widow Mine  
  58  8:15  Widow Mine  
  62  8:22  Medivac  
  62  8:23  Medivac  
  62  8:25  Terran Infantry Armor Level 1  
  66  8:35  Armory  
  66  8:36  Widow Mine x2  
  66  8:40  Orbital Command  
  70  8:42  Siege Tank  
  73  8:57  Widow Mine  
  75  9:06  Widow Mine  
  77  9:23  Supply Depot  
  77  9:31  Widow Mine x2  
  77  9:35  SCV  
  82  9:46  Supply Depot  
  82  9:47  SCV  
  83  9:53  Widow Mine  
  86  10:00  SCV  
  86  10:08  Supply Depot  
  86  10:12  SCV  
  87  10:34  Marine  
  87  10:35  Marine x2  
  90  10:52  Marine x2  
  90  10:53  Marine  
  93  10:58  Widow Mine x2  
  93  10:59  Thor  
  103  11:09  Factory  
  103  11:10  Marine x2  
  102  11:19  Widow Mine  
  104  11:37  Widow Mine  
  104  11:39  Medivac x2  
  110  11:46  Terran Vehicle Weapons Level 1  
  110  11:49  Terran Vehicle And Ship Armor Level 2  
  110  11:56  Factory  
  110  12:00  Supply Depot  
  110  12:02  Thor  
  108  12:09  Medivac  
  106  12:23  Supply Depot  
  106  12:45  Thor, Factory Tech Lab  
  106  12:46  Supply Depot  
  112  12:51  Marine  
  112  12:52  Marine  
  112  12:53  Medivac  
  112  12:54  Command Center, Medivac  
  118  13:09  Supply Depot  
  120  13:13  Widow Mine x2  
  120  13:17  Thor  
  128  13:21  Factory Tech Lab  
  128  13:28  Thor  
  131  13:34  Widow Mine x2  
  132  13:55  Widow Mine  
  122  14:16  Widow Mine  
  124  14:18  SCV  
  124  14:23  Refinery  
  125  14:30  SCV  
  126  14:37  Widow Mine  
  126  14:38  Thor x2  
  134  14:43  SCV  
  141  14:47  Refinery  
  141  14:55  SCV  
  141  14:58  Widow Mine  
  144  15:19  Thor  
  150  15:49  Thor  
  150  15:53  Terran Vehicle And Ship Armor Level 3  
  150  15:55  Terran Vehicle Weapons Level 2  
  153  16:05  Thor  
  153  16:39  Thor  
  153  16:49  Widow Mine x2  
  157  17:17  Supply Depot  
  157  17:39  Widow Mine, SCV  
  157  17:41  Supply Depot  
  160  17:51  SCV  
  150  18:02  Thor x2  
  150  18:03  Supply Depot, Thor, SCV  
  169  18:15  SCV  
  156  18:27  SCV  
  157  18:40  Orbital Command  
  157  18:45  Thor x2  
  157  18:46  Thor  
  175  19:27  Orbital Command  
  175  19:28  Thor  
  176  19:54  Supply Depot  
  176  19:55  Supply Depot  
  176  19:57  Supply Depot  
  166  20:15  Thor  
  166  20:16  Thor, Widow Mine  
  166  20:17  Widow Mine  
  166  20:18  Thor  
  140  20:58  Thor  
  140  20:59  Thor  
  140  21:01  Thor  
  158  21:09  Widow Mine x2  
  162  21:15  Refinery  
  162  21:19  Refinery  
  162  21:30  Widow Mine  
  162  21:31  Widow Mine  
  166  21:41  Thor  
  166  21:42  Thor  
  166  21:43  Thor  
  184  22:23  Thor  
  190  23:03  Supply Depot, Thor  
  190  23:05  Supply Depot, Thor  
  79  24:52  Refinery  
  68  25:27  Widow Mine x2  
  16  27:43  Orbital Command  
  6  28:15  SCV  
  7  28:28  SCV  
Tags
 
League
Silver
Matchup
TvZ
Spawn Locations
Cross Positions
Add a new tag
Caveats
  • Supply blocks, unpowered buildings, or Contaminate may cause inaccurate times.
  • Supply counts are checked every 10 seconds.